 Dungeon Crawl Stone Soup version 0.31-a0-868-g674d60d6f7 (webtiles) character file.

Game seed: 9218922571825941716

0 kae the Vexing (level 1, 0/1 HPs)
             Began as a Demonspawn Enchanter on Oct 11, 2023.
             Slain by a goblin
             ... wielding a +0 club
              (1 damage)
             ... on level 1 of the Dungeon.
             The game lasted 00:00:15 (61 turns).

kae the Vexing (Demonspawn Enchanter)                 Turns: 61, Time: 00:00:16

Health: 0/1        AC:  0    Str:  8    XL:     1   Next: 8%
Magic:  3/3        EV: 12    Int: 16    God:
Gold:   0          SH:  0    Dex: 13    Spells: 4/4 levels left

rFire   . . .        a - melded +1 dagger
rCold   . . .        (shield currently unavailable)
rNeg    . . .        b - melded +0 robe
rPois   ∞            (helmet currently unavailable)
rElec   +            (cloak currently unavailable)
rCorr   .            (gloves currently unavailable)
SInv    .            (boots currently unavailable)
Will    .....        (no amulet)
Stlth   ++           (no ring)
HPRegen 0.20/turn    (no ring)
MPRegen 0.08/turn

%: no passive effects
@: storm-form, flying
A: cleaving, insubstantial, flying, reduced hp
a: Blinkbolt, Begin Untransformation


You were on level 1 of the Dungeon.
You were a lightning-filled tempest!
You visited 1 branch of the dungeon, and saw 1 of its levels.


   Skills:
 * Level 0.9 Short Blades
 + Level 1.7 Dodging
 + Level 2.6 Stealth
 + Level 2.0 Spellcasting
 * Level 3.0 Hexes


You had 4 spell levels left.
You didn't know any spells.
Your spell library contained the following spells:

 Spells                   Type           Power      Damage    Failure   Level
 Ensorcelled Hibernation  Hex/Ice        12%        N/A       17%         2
 Confusing Touch          Hex            11%        N/A       19%         3
 Tukima's Dance           Hex            11%        N/A       19%         3
 Dazzling Flash           Conj/Hex       12%        N/A       32%         3

Inventory:

Hand Weapons
 a - a +1 dagger (melded)
Missiles
 d - 5 stones
Armour
 b - a +0 robe (melded)
Talismans
 e - a storm talisman (active)
   (You found it on level 1 of the Dungeon)
Potions
 c - 2 potions of invisibility

Dungeon Overview and Level Annotations

Branches:
Dungeon (1/15) Zot: 5938

Altars:

#.########.#
..........##
##.#######..#
#..#######..#
#...........##.#
#..##...........#
##.##.#######..#.#
#.##†##### .##
#.)..vgr.# .
#..#...........
?.......##.##.. ##
......?..## #
#..####...# #.
#.#.. # #.....
...P...


You could see a goblin and a rat.


Message History

Lua error: /dgldir/rcfiles/crawl-git/kae.rc:525: unexpected symbol near '#' 🤖 Initializing magus.rc ...
Bad monster_list_colour key: strict_neutral Bad channel name 'pray' for runrest: 'pray:' Options error: Missing colour in message_colour setting: 'that.*feels deathly cold' Options error: Missing colour in message_colour setting: 'and you must be Full or above to equip it' Options error: Missing colour in message_colour setting: 'but rights himself reflexively soon after' Options error: Missing colour in message_colour setting: 'before it is too late' ✅ Successfully initialized magus.rc [v1.11.3] Welcome, kae the Demonspawn Enchanter.
A smirking vizier told you that the Orb of Zot is just within this dungeon.
Press ? for a list of commands and other information.
Found a staircase leading out of the dungeon.
d - 5 stones Key pressed, stopping explore.
Unknown command.
A rat comes into view.
A rat is nearby!
Unknown command.
A rat is nearby!
You see here a storm talisman.
Press: ? - help, v - describe, . - travel, g - get item Item here: a storm talisman.
The floor.
You hit the rat.
You kill the rat!
No target in view!
No target in view!
No target in view!
You see here a storm talisman.
e - a storm talisman
Okay, then.
You begin transforming.
You continue transforming. x3
You turn into a lightning-filled tempest!
Your +1 dagger melds into your body.
Your +0 robe melds into your body. 😎 HP[-12]
You now have 1 max hp (-12).
Unknown command.
Unknown command.
A goblin comes into view. It is wielding a +0 club.
A goblin is nearby!
You see here a +0 club.
A rat comes into view.
The goblin shouts!
The goblin closely misses you.
You hit the goblin. The goblin hits you with a +0 club.
Ouch! That really hurt!
You die...

Action                     || total
---------------------------++-------
  Melee: Dagger            ||     1
         Unarmed           ||     1
 Armour: Skin              ||     1
  Dodge: Dodged            ||     1
   Form: Storm             ||     1

Levels and vault maps discovered:
D:1:      zelgadis_glass_arrival_small, layout_loops_ring, serial_park_tiny_1

Notes
Turn   | Place    | Note
-------+----------+-------------------------------------------
     0 | D:1      | kae the Demonspawn Enchanter began the quest for the Orb.
     0 | D:1      | Reached XP level 1. HP: 13/13 MP: 3/3
     0 | D:1      | magus.rc [v1.11.3]
    61 | D:1      | Slain by a goblin

Vanquished Creatures
  A rat (D:1)
1 creature vanquished.

Table legend:
 A = Non-vault XP
 B = Vault XP
 C = Vault XP percentage of total XP
 D = Non-vault monster count
 E = Vault monster count
 F = Vault count percentage of total count
                 A         B        C        D         E       F
            +---------+---------+-------+---------+---------+-------
      Total |       1 |       0 |   0.0 |       1 |       0 |   0.0
            +---------+---------+-------+---------+---------+-------
        D:1 |       1 |       0 |   0.0 |       1 |       0 |   0.0
            +---------+---------+-------+---------+---------+-------

Action                     || total
---------------------------++-------
  Melee: Dagger            ||     1
         Unarmed           ||     1
 Armour: Skin              ||     1
  Dodge: Dodged            ||     1
   Form: Storm             ||     1

Illustrated notes

Table legend:
 A = Kills in this place as a percentage of kills in the entire game.
 B = Kills by you in this place as a percentage of kills by you in the entire game.
 C = Kills by friends in this place as a percentage of kills by friends in the entire game.
 D = Other kills in this place as a percentage of other kills in the entire game.
 E = Experience gained in this place as a percentage of experience gained in the entire game.
 F = Experience gained in this place divided by the number of levels of this place that you have seen.
                   A       B       C       D       E      F
               +-------+-------+-------+-------+-------+----------------------
         Total | 100.0 | 100.0 |   N/A |   N/A | 100.0 |   1.0
       Dungeon | 100.0 | 100.0 |   N/A |   N/A | 100.0 |   1.0
               +-------+-------+-------+-------+-------+----------------------

Table legend: (Time is in decaauts)
 A = Elapsed time spent in this place.
 B = Non-inter-level travel time spent in this place.
 C = Inter-level travel time spent in this place.
 D = Time resting spent in this place.
 E = Time spent auto-exploring this place.
 F = Levels seen in this place.
 G = Mean time per level.
                   A        B        C        D        E       F      G
               +--------+--------+--------+--------+--------+-----+--------+
         Total |     60 |     60 |      0 |      0 |     44 |   1 |   60.0 |
       Dungeon |     60 |     60 |      0 |      0 |     44 |   1 |   60.0 |
               +--------+--------+--------+--------+--------+-----+--------+

Top non-repeatable levels by time:
     D:1: 60 daAuts
